 Dungeon Crawl Stone Soup version 0.14-a0-181-gf6fe0c6 (webtiles) character file.

854 Malachi the Covered (level 7, 0/59 HPs)
             Began as a Ghoul Fighter on Oct 7, 2013.
             Was a Follower of Okawaru.
             Slain by an ogre
             ... wielding a +0,+0 giant club
              (12 damage)
             ... on Level 5 of the Dungeon.
             The game lasted 00:09:34 (3502 turns).

Malachi the Covered (Ghoul Fighter)                 Turns: 3502, Time: 00:09:34

HP   0/59        AC  8     Str 22      XL: 7   Next: 64%
MP   4/4         EV  7     Int  3      God: Okawaru [*.....]
Gold 159         SH 19     Dex  8      Spells:  0 memorised,  6 levels left

Res.Fire  : + . .   See Invis. : .   a - +1 mace
Res.Cold  : + . .   Warding    : .   b - +1 scale mail
Life Prot.: + + +   Conserve   : .   c - +0 shield
Res.Poison: +       Res.Corr.  : .   (no helmet)
Res.Elec. : .       Clarity    : .   (no cloak)
Sust.Abil.: . .     Spirit.Shd : .   (no gloves)
Res.Mut.  : .       Stasis     : .   (no boots)
Res.Rott. : +       Flight     : .   (no amulet)
Saprovore : + + +                    (no ring)
                                     i - ring of protection from fire

@: rotting, slightly resistant to hostile enchantments, extremely unstealthy
A: rotting body, claws 1, carnivore 3, cold resistance 1, life protection 3,
poison resistance, saprovore 3, slow healing 1, torment resistance, unbreathing
a: Heroism, Renounce Religion


You were on level 5 of the Dungeon.
You worshipped Okawaru.
Okawaru was aware of your devotion.
You were not hungry.

You visited 1 branch of the dungeon, and saw 5 of its levels.

You collected 139 gold pieces.

Inventory:

Hand weapons
 a - a +1,+1 mace (weapon)
 l - a -1,+0 orcish flail
 n - a +1,+2 sling of flame
Missiles
 o - 6 sling bullets
 w - 19 stones (quivered)
Armour
 b - a +1 scale mail (worn)
 c - a +0 shield (worn)
Comestibles
 d - 3 meat rations
Scrolls
 g - 2 scrolls of identify
 h - 2 scrolls of remove curse {unknown}
 j - a scroll of random uselessness {unknown}
 k - a scroll of teleportation
 q - a scroll of fear
Jewellery
 i - a ring of protection from fire (left claw)
 r - an uncursed ring of poison resistance
Potions
 e - a potion of restore abilities {unknown}
 f - a potion of confusion {unknown}
 m - 2 potions of speed {unknown}
 p - 3 potions of curing {unknown}
 t - 3 potions of invisibility {unknown}
 u - 2 potions of heal wounds {unknown}
Books
 x - a book of Wizardry

   Spells                             Type                      Level
   Summon Elemental                   Summoning                    4
   Agony                              Necromancy                   5
   Force Lance                        Conjuration                  5
   Fireball                           Conjuration/Fire             5
   Haste                              Charms                       6
   Invisibility                       Hexes                        6


   Skills:
 + Level 4.1 Fighting
 * Level 3.4 Maces & Flails
 + Level 4.6 Armour
 + Level 3.6 Dodging
 + Level 4.1 Shields


You had 6 spell levels left.
You didn't know any spells.

Dungeon Overview and Level Annotations

Branches:
Dungeon (5/27)
 Temple: D:4-7

Altars:
Okawaru
Trog


Innate Abilities, Weirdness & Mutations

Your body is rotting away.
You have sharp fingernails.
You are carnivorous and can eat meat at any time.
Your flesh is cold resistant.
You are immune to negative energy.
Your system is resistant to poisons.
You thrive on rotten meat.
You heal slowly.
You are immune to unholy pain and torment.
You can survive without breathing.


Message History

You hit the ogre.
The ogre is moderately wounded.
The ogre barely misses you.
You sock the ogre!
The ogre is heavily wounded.
The ogre closely misses you.
You thump the ogre!
The ogre is severely wounded.
The ogre hits you with a giant club!
You hit the ogre.
The ogre is almost dead.
The ogre hits you with a giant club!
* * * LOW HITPOINT WARNING * * *
You barely miss the ogre.
The ogre is almost dead.
You block the ogre's attack.
You hit the ogre.
The ogre is almost dead.
The ogre hits you with a giant club!
You die...

#§§.....<.#
#§....<...#
#.........#
##+######## #####
#.....# ....#
####'### ....#
#....<.# # ....#####
#......##..+
....'...###.....@O..#
....###..##......####
)...# ##..'......#
....# ####......#
....# #......# #####
####+###


You could see an ogre.

Vanquished Creatures
  Grinder (D:4)
  The ghost of Dewdirk the Shield-Bearer, an average HaFi (D:4)
  An ogre (D:3)
  2 hounds (D:4)
  2 worker ants (D:4)
  5 adders
  A giant mite (D:5)
  3 worms
  An adder zombie (D:5)
  2 adder skeletons (D:4)
  A giant eyeball (D:4)
  3 giant geckos
  4 orcs
  2 giant cockroaches
  11 goblins
  10 hobgoblins
  7 kobolds
  A ball python (D:1)
  9 bats
  A giant gecko skeleton (D:4)
  5 giant newts
  2 quokkas
  A quokka skeleton (D:4)
  15 rats
  A rat skeleton (D:4)
92 creatures vanquished.

Notes
Turn   | Place    | Note
--------------------------------------------------------------
     0 | D:1      | Malachi, the Ghoul Fighter, began the quest for the Orb.
     0 | D:1      | Reached XP level 1. HP: 19/19 MP: 0/0
   163 | D:1      | Reached XP level 2. HP: 23/26 MP: 1/1
   665 | D:2      | Reached XP level 3. HP: 16/33 MP: 2/2
   683 | D:2      | Reached skill level 1 in Dodging
   905 | D:2      | Reached XP level 4. HP: 31/39 MP: 2/2
  1140 | D:2      | Found a bloodstained altar of Trog.
  1140 | D:2      | Found an iron altar of Okawaru.
  1144 | D:2      | Became a worshipper of Warmaster Okawaru
  2026 | D:3      | Reached XP level 5. HP: 37/43 MP: 3/3
  2044 | D:4      | Noticed an ogre
  2145 | D:4      | Noticed Dewdirk's ghost (average HaFi)
  2152 | D:3      | Killed an ogre
  2313 | D:4      | Reached XP level 6. HP: 42/50 MP: 4/4
  2471 | D:4      | Paralysed by a giant eyeball for 3 turns
  2477 | D:4      | Paralysed by a giant eyeball for 3 turns
  2619 | D:4      | Noticed Grinder
  2640 | D:4      | Paralysed by Grinder for 5 turns
  2654 | D:4      | Killed Grinder
  2654 | D:4      | Reached skill level 4 in Fighting
  2654 | D:4      | Reached XP level 7. HP: 24/59 MP: 4/4
  3065 | D:4      | Killed Dewdirk's ghost
  3065 | D:4      | Acquired Okawaru's first power
  3429 | D:5      | Entered Level 5 of the Dungeon
  3502 | D:5      | Slain by an ogre

Action                   |  1- 3 |  4- 6 |  7- 9 || total
-------------------------+-------+-------+-------++-------
Melee: Mace              |   112 |   162 |    70 ||   344
 Fire: Sling             |       |    40 |    26 ||    66
  Use: Scroll            |       |     1 |     8 ||     9
